 Dungeon Crawl Stone Soup version 0.30.1-4-g462c640d31 (webtiles) character file.

Game seed: 7707219600511559222

137916 Gabide the Protected (level 17, -8/135 HPs)
             Began as a Gnoll Wanderer on Sept 6, 2023.
             Was the Champion of Cheibriados.
             Engulfed by a cloud of foul pestilence (16 damage)
             ... on level 4 of the Swamp.
             The game lasted 01:13:27 (29768 turns).

Gabide the Protected (Gnoll Wanderer)              Turns: 29768, Time: 01:13:27

Health: -8/135     AC: 29    Str: 38    XL:     17   Next: 25%
Magic:  23/33      EV: 18    Int: 33    God:    Cheibriados [******]
Gold:   645        SH: 17    Dex: 30    Spells: 24/40 levels left

rFire   + + .        a - +5 demon whip (drain)
rCold   + + +        Q - +3 warlock's mirror {omnireflect}
rNeg    . . .        S - +3 gold dragon scales
rPois   +            m - +1 helmet
rElec   +            U - scarf {rC+ rF+}
rCorr   .            O - +1 pair of gloves
SInv    .            e - +0 pair of boots
Will    +....        v - amulet of reflection Stlth
                     R - ring of Internal Strife {rC+ Str-3 Int+3 Slay+3}
HPRegen 0.42/turn    T - ring of Nidwe {rElec rPois Str+7 Int+6 Stlth-}
MPRegen 0.23/turn

%: reflection
@: lethally poisoned (-8 -> -20), liquefying, slowed, slowed movement, very slow
A: fangs 1, strong nose, distributed training
a: Renounce Religion, Bend Time, Temporal Distortion, Slouch, Step From Time


You were on level 4 of the Swamp.
You worshipped Cheibriados.
Cheibriados was exalted by your worship.
You visited 4 branches of the dungeon, and saw 25 of its levels.
You also visited: Ossuary.

You collected 2461 gold pieces.
You spent 1816 gold pieces at shops.

Inventory:

Hand Weapons
 a - a +5 demon whip of draining (weapon)
 b - a +1 demon blade of electrocution
 c - the +5 trident of Jeledd {vamp, rN+ Dex+4}
   (You found it on level 2 of the Lair of Beasts)

   Dex:       It affects your dexterity (+4).
   rN:        It protects you from negative energy.
Missiles
 x - 4 throwing nets
 C - 6 curare-tipped darts (quivered)
Armour
 e - a +0 pair of boots (worn)
 m - a +1 helmet (worn)
 A - the +0 cloak "Loptul" {rC- rN++ SInv Stlth+}
   (You bought it in a shop on level 5 of the Dungeon)

   rC:        It makes you vulnerable to cold.
   rN:        It greatly protects you from negative energy.
   SInv:      It lets you see invisible.
   Stlth:     It makes you more stealthy.
 O - a +1 pair of gloves (worn)
 P - a +0 cloak
 Q - the +3 warlock's mirror (worn) {omnireflect}
   (You bought it in a shop on level 5 of the Dungeon)

   Omnireflect: It can block and reflect piercing ranged attacks and magical
   attacks against the wielder's willpower.
 S - +3 gold dragon scales (worn)
 U - a scarf of resistance (worn)
Jewellery
 p - a +6 ring of dexterity
 v - an amulet of reflection (around neck)
 w - a ring of resist corrosion
 R - the ring of Internal Strife (left hand) {rC+ Str-3 Int+3 Slay+3}
   (You found it on level 14 of the Dungeon)

   [ring of protection from cold]

   Str:       It affects your strength (-3).
   Int:       It affects your intelligence (+3).
   Slay:      It affects your accuracy & damage with ranged weapons and melee
   (+3).
   rC:        It protects you from cold.
 T - the ring of Nidwe (right hand) {rElec rPois Str+7 Int+6 Stlth-}
   (You found it on level 14 of the Dungeon)

   [ring of intelligence]

   Str:       It affects your strength (+7).
   Int:       It affects your intelligence (+6).
   rElec:     It insulates you from electricity.
   rPois:     It protects you from poison.
   Stlth:     It makes you less stealthy.
 X - the ring of Acwakes {Str+2 SInv}
   (You took it off a deep elf knight on level 14 of the Dungeon)

   [ring of see invisible]

   Str:       It affects your strength (+2).
   SInv:      It lets you see invisible.
Wands
 f - a wand of iceblast (9)
 h - a wand of acid (7)
 i - a wand of flame (19)
 o - a wand of polymorph (8)
 y - a wand of mindburst (13)
 L - a wand of paralysis (20)
Scrolls
 d - 9 scrolls of fear
 q - 4 scrolls of poison
 r - 11 scrolls of teleportation
 B - 4 scrolls of fog
 E - 10 scrolls of identify
 F - 2 scrolls of vulnerability
 K - 3 scrolls of immolation
 N - 2 scrolls of silence
 V - a scroll of amnesia
 W - a scroll of torment
 Y - a scroll of magic mapping
 Z - 2 scrolls of butterflies
Potions
 k - 6 potions of brilliance
 n - 2 potions of ambrosia
 s - 5 potions of flight
 t - 7 potions of curing
 u - a potion of magic
 z - 4 potions of mutation
 D - a potion of resistance
 G - 4 potions of lignification
 H - 5 potions of might
 J - 3 potions of heal wounds
Miscellaneous
 g - a lightning rod (4/4)
 j - a phantom mirror
 l - a box of beasts
 I - a phial of floods
 M - a tin of tremorstones (2/2)


   Skills:
 + Level 12.7 Fighting
 + Level 11.9 Short Blades
 + Level 11.9 Long Blades
 + Level 11.9 Axes
 + Level 11.9 Maces & Flails
 + Level 11.9 Polearms
 + Level 12.7 Staves
 + Level 11.9 Ranged Weapons
 + Level 11.9 Throwing
 + Level 14.4 Armour
 + Level 12.2 Dodging
 + Level 11.9 Stealth
 + Level 11.9 Shields
 + Level 11.9 Unarmed Combat
 + Level 12.2 Spellcasting
 + Level 10.1 Conjurations
 + Level 10.1 Hexes
 + Level 10.1 Summonings
 + Level 10.1 Necromancy
 + Level 10.1 Translocations
 + Level 10.1 Transmutations
 + Level 10.1 Fire Magic
 + Level 10.1 Ice Magic
 + Level 10.1 Air Magic
 + Level 10.1 Earth Magic
 + Level 10.1 Poison Magic
 + Level 12.9 Invocations
 + Level 11.9 Evocations


You had 24 spell levels left.
You knew the following spells:

 Your Spells              Type           Power      Damage    Failure   Level
a - Blink                 Tloc           100%       N/A       1%          2
b - Wereblood             Tmut           72%        N/A       1%          2
c - Airstrike             Air            36%        2d(6-22)  3%          4
d - Leda's Liquefaction   Hex/Erth       36%        N/A       3%          4
e - Animate Armour        Summ/Erth      100%       N/A       3%          4

Your spell library contained the following spells:

 Spells                   Type           Power      Damage    Failure   Level
 Sandblast                Erth           100%       2d20      1%          1
 Shock                    Conj/Air       100%       1d9       1%          1
 Ensorcelled Hibernation  Hex/Ice        100%       N/A       1%          2
 Lesser Beckoning         Tloc           100%       N/A       1%          2
 Momentum Strike          Conj/Tloc      100%       3d10      1%          2
 Passwall                 Tmut/Erth      60%        N/A       1%          2
 Sublimation of Blood     Necr           72%        N/A       1%          2
 Call Canine Familiar     Summ           72%        N/A       1%          3
 Portal Projectile        Hex/Tloc       100%       N/A       1%          3
 Spider Form              Tmut/Pois      72%        N/A       1%          3
 Swiftness                Air            72%        N/A       1%          3
 Anguish                  Hex/Necr       36%        N/A       3%          4
 Cause Fear               Hex            36%        N/A       3%          4
 Olgreb's Toxic Radiance  Pois           72%        N/A       3%          4
 Petrify                  Tmut/Erth      72%        N/A       3%          4
 Metabolic Englaciation   Hex/Ice        36%        N/A       10%         5
 Iron Shot                Conj/Erth      36%        9d7       50%         6
 Statue Form              Tmut/Erth      48%        N/A       50%         6
 Dragon Form              Tmut           36%        N/A       97%         7
 Enfeeble                 Hex            36%        N/A       97%         7
 Summon Hydra             Summ           36%        N/A       97%         7
 Borgnjor's Revivificati  Necr           36%        N/A       100%        8
 Discord                  Hex            36%        N/A       100%        8
 Ignition                 Fire           36%        3d11      100%        8
 Necromutation            Tmut/Necr      36%        N/A       100%        8
 Death's Door             Necr           36%        N/A       100%        9
 Dragon's Call            Summ           36%        N/A       100%        9


Dungeon Overview and Level Annotations

Branches:
Dungeon (15/15)            Temple (1/1) D:4            Lair (5/5) D:10
  Swamp (4/4) Lair:2        Snake (0/4) Lair:2        Slime (0/5) Lair:5
    Orc (0/2) D:11         Vaults (0/5) D:13         Depths (0/4) D:15
Ossuary (visited)

Altars:
Ashenzari
Cheibriados
Dithmenos
Elyvilon
Fedhas
Gozag
Hepliaklqana
Kikubaaqudgha
Makhleb
Nemelex Xobeh
Okawaru
Qazlal
Ru
Sif Muna
Trog
Uskayaw
Vehumet
Wu Jian
Xom
Yredelemnul
Zin
The Shining One
Jiyva

Shops:
D:2 ?   D:5 [[=[[   D:6 [   D:8 ?   D:15 *


Innate Abilities, Weirdness & Mutations

You have very sharp teeth.
Your uncanny sense of smell can sniff out nearby items.
Your experience applies equally to all skills.


Message History

You are no longer poisoned.
A seven-headed hydra zombie comes into view.
You block the swamp drake zombie's attack.
Your animated gold dragon scales hits the swamp drake zombie!!!
The swamp drake zombie is destroyed!
Cheibriados appreciates the change of pace.
A seven-headed hydra zombie comes into view.
Your animated gold dragon scales hits the seven-headed hydra zombie!
Your animated gold dragon scales hits the seven-headed hydra zombie.
Unknown command.
You are engulfed in dark miasma.
* * * LOW HITPOINT WARNING * * *
Your animated gold dragon scales disappears in a puff of smoke!
The seven-headed hydra zombie becomes momentarily stuck in the liquid earth.
You block the seven-headed hydra zombie's attack. x3
The seven-headed hydra zombie bites you but does no damage.
You block the seven-headed hydra zombie's attack.
The seven-headed hydra zombie closely misses you.
A swamp dragon zombie comes into view.
Casting: Wereblood (safe; 1% risk of failure)
Confirm with . or Enter, or press ? or * to list all spells.
You are engulfed in dark miasma.
An eight-headed hydra zombie comes into view.
The seven-headed hydra zombie becomes momentarily stuck in the liquid earth.
You block the seven-headed hydra zombie's attack.
The seven-headed hydra zombie becomes momentarily stuck in the liquid earth. x3
You block the seven-headed hydra zombie's attack.
The seven-headed hydra zombie misses you.
Unknown command.
Okay, then.
Casting: Animate Armour (mildly dangerous; 3% risk of failure)
Confirm with . or Enter, or press ? or * to list all spells.
You blink.
You are engulfed in dark miasma.
You are poisoned.
You feel as though you will be slow longer.
* * * LOW HITPOINT WARNING * * *
x2 You feel very sick.
You feel better.
You are engulfed in dark miasma.
You are lethally poisoned!
You die...

##≈≈..#
♣.......♣
###...#
♣♣§~~.♣♣♣
#○°..##
♣♣~~...♣
∆ #°...#
♣..♣~)♣ ∆
#.○.##
♣♣♣♣♣♣♣
##.○°# ♣
#...##∆ ♣
##..##
##[@.#
##°°Z##
#.Z≈## ∆
#..##
#.Z# !.Z#
≈≈... ∆
##≈≈≈≈
##≈≈≈


You could see an eight-headed hydra zombie, 2 seven-headed hydra zombies, a
swamp dragon zombie and a friendly animated gold dragon scales (summoned).

Vanquished Creatures
  A thorn hunter (Swamp:2)
  A storm dragon (D:15)
  Kirke (D:13)
  Roxanne (Swamp:3)
  The ghost of Vochiuc the Eclecticist, an adept DEFE of Vehumet (D:15)
  Aizul (Swamp:3)
  A frost giant (D:15)
  5 apis (D:12)
  2 bunyips
  6 eleionomae
  The ghost of klappster the Severer, a journeyman MiFi of Okawaru (Lair:3)
  Snorg (D:13)
  A fire dragon (D:14)
  The ghost of Gerchuh the Skirmisher, a journeyman OpAr of Gozag (Lair:2)
  Josephine (Swamp:1)
  Harold (D:9)
  4 catoblepae
  5 hydras
  A jorogumo (shapeshifter) (D:14)
  A death knight (D:12)
  2 ghost crabs (Swamp:1)
  3 centaur warriors
  An ogre mage (D:14)
  6 two-headed ogres
  4 boulder beetles
  Erica (Lair:2)
  14 death yaks
  9 alligators
  A deep elf knight (D:14)
  Sonja (D:11)
  A skyshark (Lair:5)
  Amaemon (Lair:2)
  4 goliath frogs
  Pikel (D:8)
  3 spriggan druids
  2 swamp dragons
  A glowing orange brain (D:15)
  A lindwurm (Lair:1)
  3 bog bodies
  3 necromancers
  A wolf spider zombie (D:15)
  2 orc sorcerers (D:15)
  2 salamanders (shapeshifter)
  2 cyclopes
  An oklob plant (Lair:4)
  15 ugly things
  5 manticores
  2 deep elf pyromancers
  5 will-o-the-wisps
  6 elephants
  3 black mambas
  4 centaur zombies
  A guardian serpent (Lair:1)
  A naga mage (D:15)
  Maggie (D:8)
  An unseen horror (shapeshifter) (D:14)
  5 centaur skeletons
  An orange demon (Lair:2)
  13 cane toads
  A gargoyle (D:12)
  An unseen horror (D:12)
  5 rime drakes
  A yaktaur (D:15)
  7 komodo dragons
  4 swamp worm zombies (Swamp:4)
  A freezing wraith (D:15)
  3 kobold demonologists
  2 ice devils (D:12)
  A tengu conjurer (D:14)
  6 trolls
  7 tyrant leeches
  2 hellwings (D:7)
  25 blink frogs
  3 polar bears
  8 hornets
  2 alligator zombies (Swamp:4)
  3 centaur simulacra
  A meliai zombie (D:15)
  7 dream sheep (Lair:4)
  18 slime creatures
  14 spriggans
  A wyvern (Lair:2)
  55 yaks
  2 vampires
  6 wraiths
  A redback (D:15)
  3 basilisks
  A hog (D:13)
  3 steam dragons
  11 vampire mosquitoes
  2 nagas (Lair:2)
  2 acid dragons
  16 swamp worms
  7 water moccasins
  Duvessa (D:4)
  4 black bears
  2 swamp drakes (Lair:3)
  2 orc warriors
  6 ice beasts
  2 ogres
  17 centaurs
  4 lemures (D:8)
  A phantom (Swamp:4)
  6 kobold brigands
  6 gnoll sergeants (D:8)
  2 scorpions
  15 bullfrogs
  4 wights (D:8)
  Dowan (D:4)
  A water moccasin skeleton (D:12)
  11 killer bees
  12 howler monkeys
  3 electric eels
  5 hounds
  5 jellies
  4 gnoll boudas
  9 orc priests
  3 sleepcaps (D:7)
  Natasha (thrice) (D:2)
  Ijyb (D:3)
  Terence (D:2)
  8 hell rats
  9 orc wizards
  5 iguanas
  2 lightning spires (Swamp:1)
  2 mummies
  Robin (D:3)
  30 gnolls
  A swamp drake zombie (Swamp:4)
  7 adders
  2 river rats (D:10)
  4 shadow imps (D:7)
  4 worms
  A dart slug (D:3)
  71 orcs
  9 ball pythons
  6 endoplasms
  5 giant cockroaches
  5 hobgoblins
  17 jackals
  30 kobolds
  7 quokkas
  3 bats
  2 frilled lizards
  3 gnoll skeletons (Ossuary)
  16 goblins
  2 goblin zombies (D:4)
  5 kobold skeletons (Ossuary)
  17 orc skeletons (Ossuary)
  6 rats
  2 spectral weapons (D:12)
815 creatures vanquished.

Vanquished Creatures (collateral kills)
  A bunyip (Swamp:4)
  2 hydras (Swamp:4)
  An alligator (Swamp:4)
  A death drake (Swamp:4)
  A spectral hydra (Swamp:4)
  3 bog bodies (Swamp:4)
  A swamp worm zombie (Swamp:4)
  A hydra zombie (Swamp:4)
  A tyrant leech (Swamp:4)
  3 alligator zombies (Swamp:4)
  A swamp worm (Swamp:4)
  A swamp dragon zombie (Swamp:4)
  A phantom (Swamp:4)
  A swamp drake zombie (Swamp:4)
19 creatures vanquished.

Vanquished Creatures (others)
  A fire dragon (D:14)
  A wizard (D:15)
  3 bloated husks
  A human (D:13)
  2 ball lightnings (Swamp:1)
  36 foxfires
  6 spectral weapons
50 creatures vanquished.

Grand Total: 884 creatures vanquished

Notes
Turn   | Place    | Note
-------+----------+-------------------------------------------
     0 | D:1      | Gabide the Gnoll Wanderer began the quest for the Orb.
     0 | D:1      | Gabide set off with the following items: a +0 quarterstaff,
                  | a +0 chain mail, a potion of curing, a scroll of fear.
     0 | D:1      | Reached XP level 1. HP: 20/20 MP: 4/4
   127 | D:1      | Reached XP level 2. HP: 22/26 MP: 5/5
   885 | D:2      | Noticed Natasha
   893 | D:2      | Killed Natasha
   894 | D:2      | Reached skill level 1 in Invocations
   894 | D:2      | Reached XP level 3. HP: 31/31 MP: 7/7
   902 | D:2      | Noticed Natasha
   908 | D:2      | Killed Natasha
   909 | D:2      | Reached skill level 1 in Short Blades
   909 | D:2      | Reached skill level 1 in Long Blades
   909 | D:2      | Reached skill level 1 in Axes
   909 | D:2      | Reached skill level 1 in Maces & Flails
   909 | D:2      | Reached skill level 1 in Polearms
   909 | D:2      | Reached skill level 1 in Ranged Weapons
   909 | D:2      | Reached skill level 1 in Throwing
   909 | D:2      | Reached skill level 1 in Stealth
   909 | D:2      | Reached skill level 1 in Shields
   909 | D:2      | Reached skill level 1 in Unarmed Combat
   909 | D:2      | Reached skill level 1 in Evocations
   909 | D:2      | Reached XP level 4. HP: 35/38 MP: 8/8
   953 | D:2      | Noticed Terence
   965 | D:2      | Reached skill level 1 in Conjurations
   965 | D:2      | Reached skill level 1 in Hexes
   965 | D:2      | Reached skill level 1 in Summonings
   965 | D:2      | Reached skill level 1 in Necromancy
   965 | D:2      | Reached skill level 1 in Translocations
   965 | D:2      | Reached skill level 1 in Transmutations
   965 | D:2      | Reached skill level 1 in Fire Magic
   965 | D:2      | Reached skill level 1 in Ice Magic
   965 | D:2      | Reached skill level 1 in Air Magic
   965 | D:2      | Reached skill level 1 in Earth Magic
   965 | D:2      | Reached skill level 1 in Poison Magic
   972 | D:2      | Noticed Natasha
   981 | D:2      | Killed Terence
   988 | D:2      | Killed Natasha
   989 | D:2      | Reached XP level 5. HP: 32/43 MP: 9/9
   989 | D:2      | Found Xehixtycs's Magic Scroll Shop.
  1503 | D:3      | Found a bloodstained altar of Trog.
  1685 | D:3      | Noticed Ijyb
  1702 | D:3      | Killed Ijyb
  1830 | D:3      | Reached XP level 6. HP: 50/50 MP: 11/11
  1841 | D:3      | Noticed Robin
  1870 | D:3      | Killed Robin
  1871 | D:3      | Reached skill level 5 in Fighting
  1871 | D:3      | Reached skill level 5 in Staves
  2328 | D:4      | Found a sand-covered staircase.
  2338 | D:4      | Reached XP level 7. HP: 56/56 MP: 12/12
  2341 | Ossuary  | Entered an ossuary
  2341 | Ossuary  | Noticed a wraith
  2341 | Ossuary  | Noticed a wraith
  2341 | Ossuary  | Noticed a wraith
  2405 | Ossuary  | Noticed a wraith
  2431 | Ossuary  | Killed a wraith
  2826 | D:4      | Reached skill level 9 in Armour
  2963 | D:4      | Found a staircase to the Ecumenical Temple.
  2996 | Temple   | Entered the Ecumenical Temple
  3109 | Temple   | Became a worshipper of Cheibriados the Contemplative
  3367 | D:4      | Reached * piety under Cheibriados
  3473 | D:4      | Reached XP level 8. HP: 59/63 MP: 14/14
  3581 | D:4      | Reached ** piety under Cheibriados
  3802 | D:4      | Noticed Duvessa
  3809 | D:4      | Noticed Dowan
  3829 | D:4      | Killed Duvessa
  3857 | D:4      | Killed Dowan
  3976 | D:4      | Found a basalt altar of Yredelemnul.
  4323 | D:4      | Reached *** piety under Cheibriados
  4441 | D:5      | Entered Level 5 of the Dungeon
  4558 | D:5      | Found Routwoc's Armour Shop.
  4560 | D:5      | Found Bufu's Armour Shoppe.
  4574 | D:5      | Bought a +0 pair of gloves for 45 gold pieces
  4636 | D:5      | Found Mymov's Armour Emporium.
  4663 | D:5      | Found a radiant altar of Vehumet.
  4701 | D:5      | Found Jaisch's Antique Armour Shop.
  4914 | D:5      | Found Bydafi's Jewellery Boutique.
  5275 | D:6      | Reached XP level 9. HP: 59/69 MP: 16/16
  5334 | D:6      | Reached skill level 5 in Spellcasting
  5363 | D:6      | Reached skill level 5 in Dodging
  5528 | D:6      | Found Joniobie's Antique Armour Boutique.
  5750 | D:6      | Found an ornate altar of the Wu Jian Council.
  5965 | D:5      | Bought a masterwork cloak for 218 gold pieces
  5965 | D:5      | Identified the +0 cloak "Loptul" {rC- rN++ SInv Stlth+}
                  | (You bought it in a shop on level 5 of the Dungeon)
  6108 | D:6      | Found a broken altar of Ashenzari.
  6111 | D:6      | Found a shimmering altar of Xom.
  6113 | D:6      | Found a basalt altar of Yredelemnul.
  6316 | D:7      | Found an iron altar of Okawaru.
  6375 | D:7      | Identified the +1 robe of Qofiof {rElec rPois}
  6384 | D:7      | Reached skill level 5 in Invocations
  6444 | D:7      | Reached **** piety under Cheibriados
  6499 | D:7      | Found an opulent altar of Gozag.
  6692 | D:7      | Noticed a hellwing
  6693 | D:7      | Noticed a hellwing
  6724 | D:7      | Killed a hellwing
  6725 | D:7      | Reached skill level 5 in Short Blades
  6725 | D:7      | Reached skill level 5 in Long Blades
  6725 | D:7      | Reached skill level 5 in Axes
  6725 | D:7      | Reached skill level 5 in Maces & Flails
  6725 | D:7      | Reached skill level 5 in Polearms
  6725 | D:7      | Reached skill level 5 in Ranged Weapons
  6725 | D:7      | Reached skill level 5 in Throwing
  6725 | D:7      | Reached skill level 5 in Stealth
  6725 | D:7      | Reached skill level 5 in Shields
  6725 | D:7      | Reached skill level 5 in Unarmed Combat
  6725 | D:7      | Reached skill level 5 in Evocations
  6725 | D:7      | Reached XP level 10. HP: 23/77 MP: 18/18
  6732 | D:7      | Reached skill level 10 in Armour
  6779 | D:7      | HP: 3/118 [centaur warrior zombie (3)]
  6804 | D:7      | HP: 2/118 [centaur warrior skeleton (6)]
  6818 | D:7      | Reached ***** piety under Cheibriados
  7468 | D:8      | Found Canolaoz's Magic Scroll Shoppe.
  7722 | D:8      | Reached skill level 5 in Conjurations
  7722 | D:8      | Reached skill level 5 in Hexes
  7722 | D:8      | Reached skill level 5 in Summonings
  7722 | D:8      | Reached skill level 5 in Necromancy
  7722 | D:8      | Reached skill level 5 in Translocations
  7722 | D:8      | Reached skill level 5 in Transmutations
  7722 | D:8      | Reached skill level 5 in Fire Magic
  7722 | D:8      | Reached skill level 5 in Ice Magic
  7722 | D:8      | Reached skill level 5 in Air Magic
  7722 | D:8      | Reached skill level 5 in Earth Magic
  7722 | D:8      | Reached skill level 5 in Poison Magic
  7828 | D:8      | Reached XP level 11. HP: 78/85 MP: 21/21
  7860 | D:8      | Noticed Pikel
  7908 | D:8      | Killed Pikel
  7970 | D:8      | Noticed Maggie
  7990 | D:8      | Killed Maggie
  8147 | D:8      | Found a glowing golden altar of the Shining One.
  8147 | D:8      | Found a glowing silver altar of Zin.
  8147 | D:8      | Found a white marble altar of Elyvilon.
  8263 | D:9      | Noticed a two-headed ogre
  8276 | D:9      | Killed a two-headed ogre
  8399 | D:9      | Noticed a sun demon
  8410 | D:9      | Reached ****** piety under Cheibriados
  8746 | D:9      | Noticed Harold
  8756 | D:9      | Killed Harold
  8912 | D:9      | Reached skill level 11 in Armour
  9109 | D:10     | Entered Level 10 of the Dungeon
  9150 | D:10     | Noticed a death yak
  9153 | D:10     | Noticed a death yak
  9154 | D:10     | Noticed a death yak
  9346 | D:10     | Noticed a two-headed ogre
  9353 | D:10     | Killed a two-headed ogre
  9760 | D:5      | Bought a +8 chain mail of ponderousness for 215 gold pieces
  9920 | D:10     | Found a staircase to the Lair.
  9928 | D:10     | Killed a death yak
  9929 | D:10     | Reached XP level 12. HP: 11/94 MP: 17/23
  9931 | D:10     | Killed a death yak
  9932 | D:10     | Killed a death yak
 10233 | D:10     | Found an ancient bone altar of Kikubaaqudgha.
 10240 | D:10     | Found a burning altar of Makhleb.
 10483 | Lair:1   | Entered Level 1 of the Lair of Beasts
 11400 | Lair:1   | Identified the +1 leather armour "Ceakel" {rF+ Dex+3}
 11417 | Lair:1   | Noticed a boulder beetle
 11430 | Lair:1   | Killed a boulder beetle
 11431 | Lair:1   | Reached XP level 13. HP: 47/101 MP: 19/25
 11618 | Lair:1   | Found the +3 pair of seven-league boots {Rampage+∞}
 11880 | D:6      | Bought a pair of runed gloves for 180 gold pieces
 12161 | Lair:2   | Found a runed translucent gate.
 12163 | Lair:2   | Found a runed translucent gate.
 12164 | Lair:2   | Found a runed translucent gate.
 12164 | Lair:2   | Identified the +7 rapier of Kindness {venom, rC+ Dex+4}
 12164 | Lair:2   | Noticed Gerchuh's ghost (journeyman OpAr)
 12347 | Lair:2   | Found a staircase to the Swamp.
 12356 | Lair:2   | Found a staircase to the Snake Pit.
 12358 | Lair:2   | Noticed Erica
 12372 | Lair:2   | Paralysed by something for 4 turns
 12381 | Lair:2   | Killed Erica
 12386 | Lair:2   | HP: 5/101 [poisoned by Erica (bolt of poison)]
 12733 | Lair:2   | Identified the +5 trident of Jeledd {vamp, rN+ Dex+4}
 12751 | Lair:2   | Noticed Amaemon
 12770 | Lair:2   | Killed Amaemon
 13530 | Lair:2   | Reached skill level 12 in Armour
 13550 | Lair:2   | Killed Gerchuh's ghost
 13841 | Lair:2   | Identified the +3 war axe "Naelya" {vamp, Int-4 Dex+8}
 13987 | Lair:3   | Reached skill level 10 in Fighting
 13987 | Lair:3   | Reached skill level 10 in Staves
 14149 | Lair:3   | Found a runed translucent door.
 14856 | Lair:3   | Noticed klappster's ghost (journeyman MiFi)
 14900 | Lair:3   | Killed klappster's ghost
 15190 | Lair:4   | Reached XP level 14. HP: 81/110 MP: 27/27
 15193 | Lair:4   | Reached skill level 10 in Invocations
 16306 | D:5      | Bought the +3 warlock's mirror {omnireflect} for 400 gold
                  | pieces
 16306 | D:5      | Found the +3 warlock's mirror {omnireflect}
 16523 | Lair:5   | Entered Level 5 of the Lair of Beasts
 16527 | Lair:5   | Found a staircase to the Slime Pits.
 16528 | Lair:5   | Found a viscous altar of Jiyva.
 16873 | Lair:5   | Reached skill level 10 in Spellcasting
 16935 | Lair:5   | Reached skill level 10 in Dodging
 18328 | D:8      | Bought a scroll of brand weapon for 114 gold pieces
 18576 | D:11     | Noticed Sonja
 18588 | D:11     | Killed Sonja
 19026 | D:11     | Reached skill level 10 in Short Blades
 19026 | D:11     | Reached skill level 10 in Long Blades
 19026 | D:11     | Reached skill level 10 in Axes
 19026 | D:11     | Reached skill level 10 in Maces & Flails
 19026 | D:11     | Reached skill level 10 in Polearms
 19026 | D:11     | Reached skill level 10 in Ranged Weapons
 19026 | D:11     | Reached skill level 10 in Throwing
 19026 | D:11     | Reached skill level 10 in Stealth
 19026 | D:11     | Reached skill level 10 in Shields
 19026 | D:11     | Reached skill level 10 in Unarmed Combat
 19026 | D:11     | Reached skill level 10 in Evocations
 19090 | D:11     | Found a staircase to the Orcish Mines.
 19173 | D:11     | You fall into a shaft and drop 2 floors!
 19187 | D:13     | Reached skill level 13 in Armour
 19311 | D:13     | Reached XP level 15. HP: 101/118 MP: 29/29
 19758 | D:12     | Found a glowing silver altar of Zin.
 21412 | D:13     | Noticed Snorg
 21420 | D:13     | Killed Snorg
 21642 | D:13     | Noticed Kirke
 21654 | D:13     | Killed Kirke
 21765 | D:13     | Found a gate to the Vaults.
 22642 | D:14     | Found a runed translucent door.
 22642 | D:14     | Identified the ring of Internal Strife {rC+ Str-3 Int+3
                  | Slay+3}
 22642 | D:14     | Identified the ring of Acwakes {Str+2 SInv}
 23260 | D:14     | Identified the +4 scale mail of the Distant Future {rPois}
 23269 | D:14     | Identified the ring of Nidwe {rElec rPois Str+7 Int+6
                  | Stlth-}
 23307 | D:15     | Entered Level 15 of the Dungeon
 23485 | D:15     | Found a runed translucent gate.
 23485 | D:15     | Found a runed translucent gate.
 23485 | D:15     | Found a runed translucent gate.
 23487 | D:15     | Found an opulent altar of Gozag.
 23487 | D:15     | Found Efosodup's Assorted Antiques.
 23487 | D:15     | Noticed a storm dragon
 23487 | D:15     | Noticed a frost giant
 23488 | D:15     | Noticed Vochiuc's ghost (adept DEFE)
 24223 | D:15     | Reached XP level 16. HP: 122/127 MP: 31/31
 24276 | D:15     | Found a staircase to the Depths.
 24418 | D:15     | Killed Vochiuc's ghost
 24430 | D:15     | Killed a storm dragon
 24836 | D:2      | Bought a scroll of enchant weapon for 105 gold pieces
 24836 | D:2      | Bought a scroll of enchant armour for 105 gold pieces
 24836 | D:2      | Bought a scroll of fog for 56 gold pieces
 24836 | D:2      | Bought a scroll of magic mapping for 105 gold pieces
 24836 | D:2      | Bought a scroll of teleportation for 42 gold pieces
 24836 | D:2      | Bought a scroll of brand weapon for 133 gold pieces
 24836 | D:2      | Bought a scroll of fog for 56 gold pieces
 24836 | D:2      | Bought a scroll of teleportation for 42 gold pieces
 24843 | D:2      | Learned a level 2 spell: Blink
 24846 | D:2      | Learned a level 2 spell: Wereblood
 24851 | D:2      | Learned a level 4 spell: Airstrike
 24856 | D:2      | Learned a level 4 spell: Leda's Liquefaction
 25081 | Swamp:1  | Entered Level 1 of the Swamp
 26139 | Swamp:1  | Noticed Josephine
 26155 | Swamp:1  | Killed Josephine
 26826 | Swamp:2  | Reached skill level 14 in Armour
 27377 | Swamp:2  | Noticed a thorn hunter
 27393 | Swamp:2  | Killed a thorn hunter
 28150 | Swamp:3  | Identified Roxanne's Octavo of Excavation
 28150 | Swamp:3  | Noticed Roxanne
 28302 | Swamp:3  | Noticed Aizul
 28320 | Swamp:3  | Killed Aizul
 28543 | Swamp:3  | Killed Roxanne
 28551 | Swamp:3  | Learned a level 4 spell: Animate Armour
 28889 | Swamp:4  | Entered Level 4 of the Swamp
 28913 | Swamp:4  | Reached XP level 17. HP: 95/135 MP: 33/33
 28957 | Swamp:4  | Reached skill level 10 in Conjurations
 28957 | Swamp:4  | Reached skill level 10 in Hexes
 28957 | Swamp:4  | Reached skill level 10 in Summonings
 28957 | Swamp:4  | Reached skill level 10 in Necromancy
 28957 | Swamp:4  | Reached skill level 10 in Translocations
 28957 | Swamp:4  | Reached skill level 10 in Transmutations
 28957 | Swamp:4  | Reached skill level 10 in Fire Magic
 28957 | Swamp:4  | Reached skill level 10 in Ice Magic
 28957 | Swamp:4  | Reached skill level 10 in Air Magic
 28957 | Swamp:4  | Reached skill level 10 in Earth Magic
 28957 | Swamp:4  | Reached skill level 10 in Poison Magic
 29767 | Swamp:4  | HP: 2/135 [poison (dark miasma)]
 29768 | Swamp:4  | Engulfed by a cloud of foul pestilence

Illustrated notes

Levels and vault maps discovered:
D:1:      minmay_arrival_cross, layout_basic, serial_corexii_hall,
          corexii_hall_statues_l, corexii_hall_statues_x,
          minmay_misc_feat_cross, minmay_misc_feat_enclosed,
          kennysheep_nondescript, minmay_heptomino_l4
D:2:      layout_rooms, serial_shops, nicolae_shop_peninsula, uniq_natasha,
          uniq_terence
D:3:      layout_rooms, mainiacjoe_overflow_small_starburst, uniq_ijyb,
          uniq_robin
D:4:      lemuel_castle_with_subvaults [lemuel_castle_interior_carwin_2],
          layout_loops_ring, minmay_temple_entry_antechambers,
          nicolae_ossuary_entry_giza, minmay_ruined_shrine, uniq_duvessa
D:5:      layout_rooms, mainiacjoe_overflow_brackets, serial_shops, shop,
          nicolae_shop_advertising_works [nicolae_subvault_shop_adworks],
          nicolae_shop_real_fake_doors, nicolae_shop_behind_doors,
          nicolae_shop_stone
D:6:      layout_basic, grunt_temple_overflow_diamond,
          nzn_wu_jian_contemplation, serial_shops, shop
D:7:      cheibrodos_grave_circle, layout_loops_ring,
          mainiacjoe_overflow_six_doors_small, mainiacjoe_overflow_chevrons
D:8:      layout_cave_pools, good_gods_mini_temple, serial_shops, shop,
          pf_guarded_unrand_woodcutter, uniq_maggie, uniq_pikel
D:9:      minmay_twisted_water, layout_basic, uniq_harold
D:10:     layout_rooms, mainiacjoe_overflow_big_doors, dpeg_lair_monsters,
          eino_curves_02, minmay_curled_crystal
D:11:     layout_long_grid, hiddenorc2_lemuel, uniq_sonja
D:12:     dreamdust_under_siege, layout_long_grid, portal_ice_cave_demonic_guard
D:13:     layout_irregular_city, david_vaults_1, nicolae_figureground_sparkle,
          uniq_kirke, uniq_snorg
D:14:     layout_long_grid, minmay_misc_feat_encased, minmay_st_funbox
D:15:     grunt_enter_depths_magical_seal, layout_cave_pods,
          minmay_misc_feat_four_crosses, ebering_ghost_gozag,
          grunt_ministairs_10
Temple:   kb_temple_of_zot
Lair:1:   layout_cellular_growth, hellmonk_guarded_unrand_seven_league_boots,
          serial_bayou_shore_a, grunt_megastairs_4
Lair:2:   layout_layer_cave, swamp_mist, minmay_snake_entry_guardpost_small,
          gammafunk_ghost_split, infiniplex_staircase_pool, uniq_amaemon,
          uniq_erica
Lair:3:   layout_chaotic_city, ebering_ghost_reflecting_pool,
          serial_bayou_pond_d, pond
Lair:4:   layout_regular_city
Lair:5:   evilmike_catoblepas_cave, layout_cave_pods,
          minmay_slime_entry_pillars, serial_bayou_ford_a, st_stairs_4,
          lemuel_fruit_fields, infiniplex_staircase_pool_2
Swamp:1:  layout_falls_marsh, evilmike_swamp_ruin_rubble_2,
          hangedman_swamp_phenomena, uniq_josephine
Swamp:2:  layout_falls_marsh, evilmike_swamp_ruin_house_5,
          nicolae_swamp_trees_clearing
Swamp:3:  layout_falls_marsh, evilmike_swamp_ruin_house_3, uniq_roxanne,
          uniq_aizul
Swamp:4:  swamp_pestilence, layout_basic_swamp

Skill      XL: |  1  2  3  4  5  6  7  8  9 10 11 12 13 14 15 16 17 |
---------------+----------------------------------------------------+-----
Invocations    | 1 2 3 4 5 6 7 9 10 11 12 | 12.9
Short Blades   | 1 2 3 4 5 6 7 8 9 10 11 | 11.9
Long Blades    | 1 2 3 4 5 6 7 8 9 10 11 | 11.9
Axes           | 1 2 3 4 5 6 7 8 9 10 11 | 11.9
Maces & Flails | 1 2 3 4 5 6 7 8 9 10 11 | 11.9
Polearms       | 1 2 3 4 5 6 7 8 9 10 11 | 11.9
Ranged Weapons | 1 2 3 4 5 6 7 8 9 10 11 | 11.9
Throwing       | 1 2 3 4 5 6 7 8 9 10 11 | 11.9
Stealth        | 1 2 3 4 5 6 7 8 9 10 11 | 11.9
Shields        | 1 2 3 4 5 6 7 8 9 10 11 | 11.9
Unarmed Combat | 1 2 3 4 5 6 7 8 9 10 11 | 11.9
Spellcasting   | 3 4 5 6 7 8 9 10 11 12 | 12.2
Evocations     | 1 2 3 4 5 6 7 8 9 10 11 | 11.9
Conjurations   | 1 2 3 4 5 6 7 8 9 10 | 10.1
Hexes          | 1 2 3 4 5 6 7 8 9 10 | 10.1
Summonings     | 1 2 3 4 5 6 7 8 9 10 | 10.1
Necromancy     | 1 2 3 4 5 6 7 8 9 10 | 10.1
Translocations | 1 2 3 4 5 6 7 8 9 10 | 10.1
Transmutations | 1 2 3 4 5 6 7 8 9 10 | 10.1
Fire Magic     | 1 2 3 4 5 6 7 8 9 10 | 10.1
Ice Magic      | 1 2 3 4 5 6 7 8 9 10 | 10.1
Air Magic      | 1 2 3 4 5 6 7 8 9 10 | 10.1
Earth Magic    | 1 2 3 4 5 6 7 8 9 10 | 10.1
Poison Magic   | 1 2 3 4 5 6 7 8 9 10 | 10.1
Dodging        | 3 4 5 6 7 8 9 10 11 12 | 12.2
Fighting       | 5 6 7 8 9 10 11 12 | 12.7
Staves         | 5 6 7 8 9 10 11 12 | 12.7
Armour         | 9 10 11 12 13 14 | 14.4

Action                     |  1- 3 |  4- 6 |  7- 9 | 10-12 | 13-15 | 16-18 || total
---------------------------+-------+-------+-------+-------+-------+-------++-------
  Melee: Quarterstaff      |    43 |   251 |   606 |    62 |       |       ||   962
         Bite              |     2 |    28 |    79 |    74 |   292 |    89 ||   564
         Demon blade       |       |       |     3 |    93 |       |       ||    96
         Battleaxe         |       |       |       |   346 |   110 |       ||   456
         Punch             |       |       |       |     2 |       |       ||     2
         Demon whip        |       |       |       |       |  1189 |   646 ||  1835
  Throw: Throwing net      |       |       |     1 |     2 |       |       ||     3
         Dart              |       |       |       |     1 |     6 |     2 ||     9
   Cast: Leda's Liquefacti |       |       |       |       |       |     5 ||     5
         Airstrike         |       |       |       |       |       |     2 ||     2
         Animate Armour    |       |       |       |       |       |    11 ||    11
         Wereblood         |       |       |       |       |       |     1 ||     1
         Blink             |       |       |       |       |       |     6 ||     6
 Invoke: Bend Time         |       |       |     1 |       |       |     6 ||     7
         Slouch            |       |       |       |     5 |     6 |     8 ||    19
         Temporal Distorti |       |       |       |       |     1 |       ||     1
         Step From Time    |       |       |       |       |     1 |       ||     1
  Evoke: Wand              |       |       |       |     8 |     8 |       ||    16
    Use: Potion            |       |     1 |     3 |     5 |     4 |     4 ||    17
         Scroll            |       |     7 |     8 |     5 |    10 |     6 ||    36
   Stab: Held in net/web   |       |       |     1 |     2 |       |       ||     3
         Invisible         |       |       |     1 |     8 |       |       ||     9
         Paralysed         |       |       |       |    12 |     2 |       ||    14
         Sleeping          |       |       |       |     3 |     5 |     1 ||     9
         Distracted        |       |       |       |     1 |    20 |     4 ||    25
 Armour: Plate armour      |    24 |       |       |       |       |       ||    24
         Chain mail        |     1 |   171 |   280 |   176 |   141 |       ||   769
         Skin              |       |       |       |    64 |       |       ||    64
         Gold dragon scale |       |       |       |       |   115 |   170 ||   285
  Dodge: Dodged            |     8 |   223 |   586 |   511 |   699 |   216 ||  2243
  Block: Other             |       |       |    73 |   147 |    31 |       ||   251
         Reflection        |       |       |     5 |       |    54 |    52 ||   111
         Kite shield       |       |       |       |       |   337 |       ||   337
         Buckler           |       |       |       |       |   503 |   416 ||   919
